 Dungeon Crawl Stone Soup version 0.29-a0-266-gf56f883ddd (webtiles) character file.

Game seed: 9319364129340625497

43941 riojii the Fighter (level 14, -9/112 HPs)
             Began as a Djinni Fire Elementalist on Mar 6, 2022.
             Was an Initiate of Ashenzari.
             Mangled by a boulder beetle (20 damage)
             ... on level 5 of the Lair of Beasts.
             The game lasted 00:44:16 (26779 turns).

riojii the Fighter (Djinni Fire Elementalist)      Turns: 26779, Time: 00:44:17

Health: -9/112     AC: 14    Str:  7    XL:     14   Next: 63%
Gold:   1042       EV: 21    Int: 21    God:    Ashenzari [......] SH:  5 Dex: 22

rFire   + + .      SeeInvis .   r - +2 dagger (elec)
rCold   + . .      Faith    .   (no shield)
rNeg    . . .      Spirit   .   t - +4 leather armour "Chained With Me" {rC+ Dex+7, Fort, Self} (curse)
rPois   ∞          Reflect  +   p - +0 helmet
rElec   .          Harm     .   A - +1 cloak
rCorr   .          Rampage  .   h - +1 pair of gloves
Will    +....                   (boots unavailable)
Stlth   ++........              j - amulet of reflection
HPRegen 0.28/turn               n - ring of protection from cold
MPRegen 0.00/turn               (no ring)

@: flying
A: sickness immunity, fire resistance 2, cold vulnerability 1, float, innate
caster, HP casting, extra vitality 1
a: Renounce Religion, Curse Item, Shatter the Chains


You were on level 5 of the Lair of Beasts.
You worshipped Ashenzari.
Ashenzari was noncommittal.
You visited 3 branches of the dungeon, and saw 17 of its levels.

You collected 1042 gold pieces.

Inventory:

Hand Weapons
 r - a +2 dagger of electrocution (weapon)
Missiles
 i - 2 throwing nets
Armour
 c - a +0 kite shield
 g - a +2 leather armour of cold resistance
 h - a +1 pair of gloves (worn)
 p - a +0 helmet (worn)
 t - the cursed +4 leather armour "Chained With Me" (worn) {rC+ Dex+7, Fort, Self}
   (You found it on level 4 of the Dungeon)

   Dex:       It affects your dexterity (+7).
   rC:        It protects you from cold.
   It has a curse which improves the following skills: Fortitude: Armour and
   Shields.
   Introspection: Fighting and Spellcasting.
 A - a +1 cloak (worn)
Jewellery
 j - an amulet of reflection (around neck)
 n - a ring of protection from cold (left hand)
 y - a ring of see invisible
 G - a +4 ring of protection
Wands
 d - a wand of flame (12)
 f - a wand of polymorph (2)
 x - a wand of iceblast (11)
 z - a wand of acid (12)
 D - a wand of mindburst (12)
 F - a wand of charming (5)
Scrolls
 a - 2 scrolls of fog
 b - 5 scrolls of magic mapping
 l - a scroll of summoning
 q - 2 scrolls of enchant weapon
 s - 5 scrolls of teleportation
 v - 4 scrolls of silence
 E - 3 scrolls of identify
Potions
 e - 3 potions of magic {unknown}
 k - 5 potions of might
 m - 5 potions of lignification {unknown}
 o - a potion of invisibility {unknown}
 u - a potion of ambrosia {unknown}
 w - 11 potions of curing {unknown}
 B - a potion of mutation
 C - a potion of berserk rage {unknown}
 H - a potion of attraction {unknown}


   Skills:
 * Level 14.0(14.4) Fighting
 + Level 7.8(8.2) Armour
 + Level 13.0 Dodging
 - Level 1.5 Stealth
 + Level 11.6(12.0) Spellcasting


You had 4 spell levels left.
You knew the following spells:

 Your Spells              Type           Power      Damage    Failure   Level
a - Foxfire               Conj/Fire      100%       2x1d9     1%          1
b - Scorch                Fire           100%       2d10      1%          2
c - Conjure Flame         Conj/Fire      59%        6-21      1%          3
d - Inner Flame           Hex/Fire       59%        N/A       1%          3
e - Flame Wave            Conj/Fire      59%        2d11      1%          4
f - Freeze                Ice            100%       1d11      1%          1
g - Ensorcelled Hibernat  Hex/Ice        100%       N/A       1%          2
h - Lesser Beckoning      Tloc           59%        N/A       1%          3
i - Olgreb's Toxic Radia  Pois           59%        N/A       1%          4
j - Silence               Hex/Air        29%        N/A       1%          5
k - Agony                 Necr           59%        N/A       1%          5
Your spell library was empty.

Dungeon Overview and Level Annotations

Branches:
Dungeon (10/15)            Temple (1/1) D:7            Lair (6/6) D:9
  Swamp (0/4) Lair:2        Snake (0/4) Lair:2        Slime (0/5) Lair:5
    Orc: D:9-12

Altars:
Ashenzari
Elyvilon
Fedhas
Gozag
Hepliaklqana
Kikubaaqudgha
Makhleb
Nemelex Xobeh
Qazlal
Ru
Sif Muna
Trog
Vehumet
Wu Jian
Xom
The Shining One

Shops:
D:3 (   D:7 (*==(   D:8 :

Annotations:
D:4 1 runed translucent door, sammy202020's ghost, novice GrFi
Lair:2 2 transporters, exclusion: ice statue, sammy202020's ghost, journeyman GrFi


Innate Abilities, Weirdness & Mutations

You are immune to sickness and miasma.
You are immune to poison.
Your flesh is very heat resistant. (rF++)
You are vulnerable to cold. (rC-)
You float through the air rather than walking.
You learn spells naturally, not from books.
Your magical power is your life essence.
You have superior vitality. (+4 MHP)


Message History

You fly upwards.
There is a stone staircase leading down here.
The yak barely misses you. You block the yak's attack.
The yak attacks as you move away! You block the yak's attack.
The boulder beetle attacks as you move away!
The boulder beetle barely misses you.
The boulder beetle attacks as you move away!
The boulder beetle bites you!!
* * * LOW HITPOINT WARNING * * *
Casting: Flame Wave (mildly dangerous; 1% risk of failure)
Confirm with . or Enter, or press ? or * to list all spells.
Aiming: Ensorcelled Hibernation (safe; 1% risk of failure)
Press: ? - help, Shift-Dir - straight line, f - boulder beetle
Aim: a boulder beetle (chance to affect: 54%)
The boulder beetle looks drowsy...
* * * LOW HITPOINT WARNING * * *
The helpless boulder beetle fails to defend itself.
You puncture the boulder beetle!
The boulder beetle is lightly wounded.
The boulder beetle completely misses you.
Casting: Ensorcelled Hibernation (safe; 1% risk of failure)
Confirm with . or Enter, or press ? or * to list all spells.
Aiming: Freeze (safe; 1% risk of failure)
Press: ? - help, Shift-Dir - straight line, f/p - boulder beetle
Aim: a boulder beetle (lightly wounded)
You freeze the boulder beetle!
The boulder beetle is moderately wounded.
* * * LOW HITPOINT WARNING * * *
The boulder beetle closely misses you.
Casting: Freeze (safe; 1% risk of failure)
Confirm with . or Enter, or press ? or * to list all spells.
Aiming: Freeze (safe; 1% risk of failure)
Press: ? - help, Shift-Dir - straight line, f/p - boulder beetle
Aim: a boulder beetle (moderately wounded)
You freeze the boulder beetle!
The boulder beetle is moderately wounded.
* * * LOW HITPOINT WARNING * * *
The boulder beetle bites you!!
You die...

##.P...##........)..##..#
##...###......###.##.###
##.#.####...## ######
###...####.....#######
#P.....#....P........#
##.....Y............##
#...>.#.Y..##...#...#
##...###B###..####..#
#...##@.# ##..#....#
###..#..P###...##...#
#........#.##..###.#####
##.....<........##...##.
#......#...#.#.....P...
##.........#...........
##.#...#...#..##......
#...............P....
###.......###..........


You could see a boulder beetle and a yak (poisoned).

Vanquished Creatures
  Harold (D:9)
  5 hydras
  Erica (Lair:2)
  A two-headed ogre (D:9)
  Nergalle (Lair:4)
  Pikel (D:5)
  3 oklob plants (Lair:5)
  6 elephants
  5 black mambas
  Maurice (D:8)
  14 cane toads
  2 rime drakes
  11 komodo dragons
  A queen bee (Lair:5)
  7 meliai (Lair:5)
  Prince Ribbit (D:6)
  2 polar bears
  A tyrant leech (Lair:2)
  3 slime creatures (D:9)
  19 blink frogs
  7 wyverns
  53 yaks
  Grum (D:9)
  10 basilisks
  2 steam dragons (D:7)
  4 nagas (Lair:2)
  A swamp worm (Lair:2)
  3 acid dragons
  10 water moccasins
  3 orc warriors
  2 ice beasts (D:7)
  2 black bears
  A sky beast (D:7)
  16 wolves
  4 centaurs
  A phantom (D:5)
  An ogre (D:4)
  4 lemures (D:6)
  4 kobold brigands
  Blork the orc (D:6)
  7 bullfrogs
  A gnoll sergeant (D:9)
  A necrophage (D:7)
  A scorpion (D:4)
  4 wights (D:9)
  49 killer bees
  3 howler monkeys
  2 hounds
  2 jellies
  4 orc priests
  A gnoll shaman (D:5)
  2 iguanas
  7 orc wizards
  6 hell rats (Lair:4)
  6 adders
  14 gnolls
  A shadow imp (D:6)
  A white imp (D:8)
  2 worms (D:4)
  4 dart slugs
  34 orcs
  13 ball pythons
  3 bats
  8 endoplasms
  9 giant cockroaches
  8 hobgoblins
  2 jackals (D:3)
  2 quokkas
  3 frilled lizards
  7 goblins
  33 kobolds
  3 rats
459 creatures vanquished.

Vanquished Creatures (collateral kills)
  40 foxfires
40 creatures vanquished.

Vanquished Creatures (others)
  1728 foxfires
  52 fungi
  46 plants
1826 creatures vanquished.

Grand Total: 2325 creatures vanquished

Notes
Turn   | Place    | Note
-------+----------+-------------------------------------------
     0 | D:1      | riojii the Djinni Fire Elementalist began the quest for the
                  | Orb.
     0 | D:1      | Reached XP level 1. HP: 15/15 MP: 0/0
   371 | D:1      | Reached XP level 2. HP: 14/22 MP: 0/0
  1083 | D:1      | Reached skill level 1 in Fighting
  1083 | D:1      | Reached XP level 3. HP: 24/27 MP: 0/0
  1083 | D:1      | Learned a level 1 spell: Freeze
  2045 | D:2      | Reached XP level 4. HP: 24/32 MP: 0/0
  3343 | D:3      | Reached XP level 5. HP: 29/38 MP: 0/0
  3343 | D:3      | Learned a level 2 spell: Ensorcelled Hibernation
  3590 | D:3      | Found Ribraed's Weapon Boutique.
  3745 | D:3      | Reached skill level 2 in Fighting
  3977 | D:4      | Found a runed translucent door.
  3977 | D:4      | Noticed sammy202020's ghost (novice GrFi)
  3989 | D:4      | Noticed an ogre
  3993 | D:4      | Killed an ogre
  3994 | D:4      | Reached XP level 6. HP: 25/44 MP: 0/0
  4458 | D:4      | Found an ornate altar of the Wu Jian Council.
  4873 | D:4      | Identified the +4 leather armour "Tugew" {rC+ Dex+7}
  5196 | D:5      | Entered Level 5 of the Dungeon
  5338 | D:5      | Reached skill level 3 in Fighting
  5338 | D:5      | Reached XP level 7. HP: 38/50 MP: 0/0
  5338 | D:5      | Learned a level 3 spell: Lesser Beckoning
  6479 | D:6      | Noticed Prince Ribbit
  6481 | D:6      | Reached skill level 5 in Spellcasting
  6488 | D:6      | Killed Prince Ribbit
  6489 | D:6      | Reached skill level 4 in Fighting
  6489 | D:6      | Reached skill level 5 in Dodging
  6489 | D:6      | Reached XP level 8. HP: 44/58 MP: 0/0
  6922 | D:6      | Noticed Pikel
  6943 | D:6      | Noticed Blork the orc
  6972 | D:5      | Killed Pikel
  6973 | D:5      | Reached skill level 5 in Fighting
  6973 | D:5      | Reached XP level 9. HP: 19/65 MP: 0/0
  6973 | D:5      | Learned a level 4 spell: Olgreb's Toxic Radiance
  7312 | D:6      | Killed Blork the orc
  8355 | D:7      | Found Aruasme's Jewellery Shop.
  8462 | D:7      | Found Wybetwet's Jewellery Shop.
  8629 | D:7      | Found a staircase to the Ecumenical Temple.
  8671 | D:7      | Found Mogoqink's Antique Weapon Shop.
  8678 | Temple   | Entered the Ecumenical Temple
  8742 | Temple   | Became a worshipper of Ashenzari the Shackled
  9004 | D:7      | Found a sparkling altar of Nemelex Xobeh.
  9329 | D:7      | Reached skill level 6 in Fighting
  9453 | D:7      | Found Pufoukh's Antique Weapon Shop.
  9527 | D:7      | Reached XP level 10. HP: 48/72 MP: 0/0
  9639 | D:7      | Found a blossoming altar of Fedhas.
  9942 | D:7      | Found Meofiny's Assorted Antiques.
 10210 | D:8      | Noticed Maurice
 10323 | D:8      | Killed Maurice
 10485 | D:8      | Reached skill level 7 in Fighting
 11342 | D:8      | Found Juiqeth's Book Emporium.
 12031 | D:9      | Reached XP level 11. HP: 25/80 MP: 0/0
 12031 | D:9      | Learned a level 5 spell: Silence
 12428 | D:9      | Noticed a two-headed ogre
 12433 | D:9      | Killed a two-headed ogre
 12434 | D:9      | Reached skill level 8 in Fighting
 13133 | D:9      | Found a staircase to the Lair.
 13221 | D:9      | Noticed Harold
 13240 | D:9      | Killed Harold
 13524 | D:9      | Noticed Grum
 13532 | D:9      | Killed Grum
 13832 | D:9      | Reached skill level 10 in Spellcasting
 14011 | D:10     | Entered Level 10 of the Dungeon
 14042 | D:10     | Noticed a skeletal warrior
 14238 | Lair:1   | Entered Level 1 of the Lair of Beasts
 14333 | Lair:1   | Reached skill level 10 in Dodging
 14338 | Lair:1   | Reached skill level 1 in Armour
 14343 | Lair:1   | Reached skill level 9 in Fighting
 14655 | Lair:1   | Reached XP level 12. HP: 73/91 MP: 0/0
 14907 | Lair:1   | Noticed a seven-headed hydra
 14914 | Lair:1   | Killed a seven-headed hydra
 15493 | Lair:1   | Reached skill level 10 in Fighting
 15800 | Lair:2   | Found a transporter.
 15800 | Lair:2   | Found a transporter.
 16478 | Lair:2   | Noticed Erica
 16654 | Lair:2   | Found a staircase to the Snake Pit.
 16770 | Lair:2   | Killed Erica
 16968 | Lair:2   | Noticed sammy202020's ghost (journeyman GrFi)
 17113 | Lair:2   | Identified the +5 great sword "Asoc Bes" {vorpal, +Blink
                  | rElec rF- Int+8}
 17372 | Lair:2   | Noticed an eight-headed hydra
 17379 | Lair:2   | Killed an eight-headed hydra
 17389 | Lair:2   | Noticed an eight-headed hydra
 17393 | Lair:2   | Killed an eight-headed hydra
 17394 | Lair:2   | Reached skill level 11 in Fighting
 17757 | Lair:2   | Found a staircase to the Swamp.
 17944 | Lair:3   | Reached XP level 13. HP: 93/99 MP: 0/0
 17944 | Lair:3   | Learned a level 5 spell: Agony
 17982 | Lair:3   | Noticed an eight-headed hydra
 17989 | Lair:3   | Killed an eight-headed hydra
 18145 | Lair:3   | Reached skill level 5 in Armour
 18237 | Lair:3   | You are sucked into a shaft and drop 1 floor!
 18600 | Lair:3   | Found a bloodstained altar of Trog.
 19529 | Lair:4   | Noticed Nergalle
 19542 | Lair:4   | Killed Nergalle
 19543 | Lair:4   | Reached skill level 12 in Fighting
 21785 | Lair:5   | Reached XP level 14. HP: 83/110 MP: 0/0
 21823 | Lair:5   | Reached skill level 13 in Fighting
 22202 | Lair:5   | HP: 4/110 [meliai/divine providence (13)]
 24241 | Lair:5   | Identified the +1 mace "Dragon's Tongue" {vorpal, Str+6
                  | Int+2}
 24591 | Lair:5   | Found a staircase to the Slime Pits.
 26636 | Lair:5   | Found a sacrificial altar of Ru.
 26689 | Lair:6   | Entered Level 6 of the Lair of Beasts
 26767 | Lair:6   | Reached skill level 14 in Fighting
 26779 | Lair:5   | Mangled by a boulder beetle

Illustrated notes

Levels and vault maps discovered:
D:1:      kennysheep_arrival_forest, layout_basic, item_on_display_a
D:2:      layout_loops_ring, st_stairs_9, minmay_fractal_squares_5
D:3:      layout_rooms, serial_shops, nicolae_shop_bloodbath_and_beyond
D:4:      layout_gridville, nicolae_overflow_hidden_temple,
          hellmonk_ghost_happy_afterlife, st_stairs_4
D:5:      layout_gridville, nrook_loot_triangle, minmay_statues_item
D:6:      layout_layer_cave, uniq_pikel, uniq_blork_the_orc, uniq_prince_ribbit1
D:7:      layout_basic, minmay_temple_entry_statues_pillars, serial_shops,
          nicolae_shop_stone, shop, kennysheep_mini_moat,
          nicolae_shop_behind_doors, shop_statue, serial_co_window_serial,
          co_window_paths_b, co_window_corner_a, co_window_corner_a,
          co_window_corner_a, co_window_corner_a, co_window_unsneaky_path_a,
          co_window_corner_b, co_window_broadway_c, co_window_2corner,
          co_window_sun, co_window_paths_d, glass_columns_a, glass_columns_b,
          glass_columns_a, glass_columns_c, glass_columns_b, enter_bailey_3,
          hangedman_feature_mirror
D:8:      layout_rooms, mainiacjoe_overflow_chevrons, serial_shops, shop,
          minmay_misc_feat_rugged, uniq_maurice
D:9:      layout_stronghold, erik_lair_dragon, uniq_harold, uniq_grum
D:10:     layout_loops_ring, zin_purify, grunt_temple_overflow_open
Temple:   nicolae_temple_no_exploring_needed
Lair:1:   layout_gridlike, minmay_stone_trees_small
Lair:2:   layout_regular_city, palyth_hydra_swamp_entry,
          minmay_snake_entry_guardpost_small, nzn_ghost_randoct,
          nicolae_volcano_entry_hallway, gauntlet_entry_generic, uniq_erica
Lair:3:   layout_roguey, basic_altar, serial_bayou_shore_b
Lair:4:   layout_cave_pods, dreamdust_mushroom_princess, lemuel_fruit_fields,
          uniq_nergalle
Lair:5:   regret_index_combs_of_tragedy, layout_loops_ring,
          minmay_slime_entry_oklob_open, basic_altar
Lair:6:   minmay_lair_end_enchanted_forest, layout_concentric_octagons

Skill      XL: |  1  2  3  4  5  6  7  8  9 10 11 12 13 14 |
---------------+-------------------------------------------+-----
Fighting       | 1 2 3 4 5 6 7 9 11 12 14 | 14.0
Spellcasting   | 3 4 5 6 7 9 10 11 | 11.6
Dodging        | 3 4 5 6 7 8 10 11 12 13 | 13.0
Armour         | 1 4 6 7 |  7.8
Stealth        | |  1.5

Action                   |  1- 3 |  4- 6 |  7- 9 | 10-12 | 13-15 || total
-------------------------+-------+-------+-------+-------+-------++-------
Melee: Dagger            |       |       |     1 |     1 |     4 ||     6
 Cast: Foxfire           |    87 |   153 |   132 |   251 |   403 ||  1026
       Scorch            |     1 |    17 |    57 |   126 |   160 ||   361
       Conjure Flame     |       |     1 |     2 |     1 |       ||     4
       Olgreb's Toxic Ra |       |       |    14 |    74 |   113 ||   201
       Flame Wave        |       |       |       |     4 |     2 ||     6
       Freeze            |       |       |       |       |     2 ||     2
       Ensorcelled Hiber |       |       |       |       |     1 ||     1
Invok: Curse Item        |       |       |       |     1 |       ||     1
  Use: Scroll            |     2 |    11 |     6 |     7 |     4 ||    30
       Potion            |       |     1 |     1 |     1 |       ||     3
 Stab: Sleeping          |       |       |       |       |     1 ||     1
Armor: Robe              |     4 |     4 |       |       |       ||     8
       Leather armour    |       |     2 |     7 |    36 |    33 ||    78
Dodge: Dodged            |    26 |    10 |    11 |    93 |   144 ||   284
Block: Other             |       |     2 |     6 |    24 |    35 ||    67
       Reflection        |       |     1 |     2 |     1 |       ||     4

Table legend: (Time is in decaauts)
 A = Elapsed time spent in this place.
 B = Non-inter-level travel time spent in this place.
 C = Inter-level travel time spent in this place.
 D = Time resting spent in this place.
 E = Time spent auto-exploring this place.
 F = Levels seen in this place.
 G = Mean time per level.
                   A        B        C        D        E       F      G
               +--------+--------+--------+--------+--------+-----+--------+
         Total |  26786 |  26091 |    695 |   2424 |  20702 |  17 | 1575.6 |
       Dungeon |  14166 |  13667 |    499 |    421 |  11670 |  10 | 1416.6 |
        Temple |     71 |     58 |     13 |      0 |     57 |   1 |   71.0 |
          Lair |  12548 |  12365 |    183 |   2003 |   8975 |   6 | 2091.3 |
               +--------+--------+--------+--------+--------+-----+--------+

Top non-repeatable levels by time:
  Lair:5: 5575 daAuts
     D:9: 2290 daAuts
  Lair:1: 2285 daAuts
  Lair:4: 2147 daAuts
     D:7: 2002 daAuts
     D:8: 1519 daAuts
     D:1: 1514 daAuts
     D:5: 1497 daAuts
     D:6: 1490 daAuts
     D:2: 1450 daAuts
  Lair:2: 1399 daAuts
     D:4: 1280 daAuts
  Lair:3: 1059 daAuts
     D:3: 979 daAuts
    D:10: 142 daAuts
